 Dungeon Crawl Stone Soup version 0.29.1-1-gd02db6906a (webtiles) character file.

Game seed: 13205890897124957505

36 RogueRain17 the Shield-Bearer (level 3, -4/31 HPs)
             Began as a Meteoran Fighter on Sept 21, 2022.
             Slain by Sigmund
             ... wielding a +0 scythe
              (9 damage)
             ... on level 2 of the Dungeon.
             The game lasted 00:01:36 (518 turns).

RogueRain17 the Shield-Bearer (Meteoran Fighter)     Turns: 518, Time: 00:01:37

Health: -4/31      AC:  6    Str: 19    XL:     3   Next: 82%
Magic:  4/4        EV:  9    Int:  9    God:
Gold:   27         SH:  5    Dex: 14    Spells: 2/2 levels left

rFire   . . .      SeeInvis .   a - +0 war axe
rCold   . . .      Faith    .   c - +0 buckler
rNeg    . . .      Spirit   .   b - +0 scale mail
rPois   .          Reflect  .   (no helmet)
rElec   .          Harm     .   (no cloak)
rCorr   .          Rampage  .   (no gloves)
Will    .....                   (no boots)
Stlth   ..........              (no amulet)
HPRegen 0.10/turn               (no ring)
MPRegen 0.09/turn               (no ring)

@: mighty, glowing
A: sense surroundings 1, otherworldly, glowing, explore regen
a: no special abilities


You were on level 2 of the Dungeon.
You visited 1 branch of the dungeon, and saw 2 of its levels.

You collected 27 gold pieces.

Inventory:

Hand Weapons
 a - a +0 war axe (weapon)
Armour
 b - a +0 scale mail (worn)
 c - a +0 buckler (worn)
Scrolls
 e - a scroll of silence {unknown}
 g - a scroll of identify {unknown}
 i - a scroll of torment {unknown}
Potions
 f - a potion of haste {unknown}
 h - a potion of flight {unknown}


   Skills:
 - Level 3.2 Fighting
 * Level 4.0 Axes
 - Level 3.6 Armour
 + Level 4.2 Shields


You had 2 spell levels left.
You didn't know any spells.
Your spell library contained the following spells:

 Spells                   Type           Power      Damage    Failure   Level
 Gell's Gravitas          Tloc           0%         N/A       99%         3
 Ozocubu's Armour         Ice            0%         N/A       99%         3
 Teleport Other           Tloc           0%         N/A       99%         3
 Metabolic Englaciation   Hex/Ice        0%         N/A       100%        5
 Dispersal                Tloc           0%         N/A       100%        6
 Simulacrum               Ice/Necr       0%         N/A       100%        6


Dungeon Overview and Level Annotations

Branches:
Dungeon (2/15) Zot: 649

Altars:

Annotations:
D:2 Sigmund


Innate Abilities, Weirdness & Mutations

You passively map a small area around you.
You are easily found by Zot.
You glow in the dark.
You regain HP and MP as you explore.


Message History

A goblin comes into view. It is wielding a +0 club.
You completely miss the goblin. You block the goblin's attack.
You hit the goblin.
You kill the goblin!
Your Axes skill increases to level 4!
No target in view!
Things that are here:
a +0 club; a goblin corpse
Found a stone staircase leading down.
Sigmund the Dreaded comes into view.
He is wielding a +0 scythe.
Found a stone staircase leading up.
Sigmund shouts!
Found 3 gold pieces.
Sigmund casts a spell at you. You resist with some effort.
You closely miss Sigmund.
Sigmund casts a spell.
Sigmund flickers and vanishes!
Deactivating autopickup; reactivate with Ctrl-A.
You barely miss something. Something hits you.
You miss something.
You hear some strange, mumbled words.
Something tries to affect you, but you resist.
You hit something but do no damage. Something hits you!
You hit something but do no damage. Something hits you but does no damage.
You miss something. Something hits you.
You feel very mighty all of a sudden.
You hear some strange, mumbled words.
A magic dart appears from out of thin air!
The magic dart hits you.
You closely miss something. Something hits you but does no damage.
You closely miss something. Something hits you!
* * * LOW HITPOINT WARNING * * *
You completely miss something. Something hits you but does no damage.
You closely miss something. You closely miss something.
You block something's attack.
You slash something! Something hits you.
* * * LOW HITPOINT WARNING * * *
You barely miss something. Something hits you!
You die...

.. ..>......####, * ...
...........#, , ,
#.##..........#+##+ * ,
.......#....!.....$ ,
#....# <......... ###
*#....###......... *
...###................
..........##.#...####
,...........#.#@..# ,
...........#.#{..#
#.......##)#.#...#
+..........#.#...# *
~#.......####.#...# *
+..#+#.......#...# ,
#.......######...#*,***
#.......+ .......
#.......##......


There were no monsters in sight!

Vanquished Creatures
  3 dart slugs (D:1)
  3 bats (D:1)
  4 giant cockroaches
  2 hobgoblins (D:1)
  4 jackals (D:1)
  3 ball pythons (D:1)
  A frilled lizard (D:1)
  4 goblins
  2 kobolds (D:1)
  A rat (D:1)
27 creatures vanquished.

Notes
Turn   | Place    | Note
-------+----------+-------------------------------------------
     0 | D:1      | RogueRain17 the Meteoran Fighter began the quest for the
                  | Orb.
     0 | D:1      | Reached XP level 1. HP: 19/19 MP: 2/2
   171 | D:1      | Reached XP level 2. HP: 26/26 MP: 3/3
   240 | D:1      | Reached XP level 3. HP: 28/31 MP: 4/4
   474 | D:1      | Glimpsed the power of Zot.
   502 | D:2      | Noticed Sigmund
   518 | D:2      | Slain by Sigmund

Illustrated notes

Levels and vault maps discovered:
D:1:      onia_arrival_mini_maze, layout_rooms
D:2:      layout_basic, ebering_ecumenical_altar_hall, serial_bayou_lagoon_a,
          uniq_terence, uniq_sigmund

Skill      XL: |  1  2  3 |
---------------+----------+-----
Axes           | 3 4 |  4.0
Shields        | 4 |  4.2
Fighting       | |  3.2
Armour         | |  3.6

Action                   || total
-------------------------++-------
Melee: War axe           ||    83
  Use: Potion            ||     1
Armor: Scale mail        ||    44
Dodge: Dodged            ||    27
Block: Buckler           ||    20
